AoeStats
← 76561199122638748

Yucatan

510530938Analyzed
4v4 RM · 2d ago on Oct 1, 2026· 52m 29s· 8 players
Game mode
Random Map
Map size
Large (8 player)
Population
200
Speed
Normal
Resources
Standard
Victory
Conquest
Starting age
Dark Age
Ending age
Imperial Age
RankedLock teamsTeams togetherTeam positionsShared explorationLock speedFull tech treeHidden civsTurbo modeCheats
Victory
Defeat
1146
+14
1142
+14
🇨🇳 Franks · China
1096
+17
🇮🇳 Vietnamese · India
1093
+16
🇨🇳 Turks · China
1186
-18
1100
-15
🇨🇳 Gurjaras · China
1074
-14
1064
-14
左拳伤害高 右拳高伤害
1:38 Loom
11:49 Feudal Age
16:45 Castle Age
14:41 Double-Bit Axe
15:52 Horse Collar
17:11 Gold Mining
17:11 Stone Mining
18:47 Bow Saw
19:45 Scale Mail Armor
21:00 Squires
26:03 Heavy Plow
30:38 Hamask
32:24 Fletching
33:14 Ballistics
33:39 Gold Shaft Mining
33:21 Gambesons
34:00 Bodkin Arrow
欧泡
10:21 Feudal Age
11:07 Loom
15:28 Double-Bit Axe
19:15 Castle Age
17:06 Horse Collar
18:24 Bloodlines
18:37 Scale Barding Armor
19:02 Forging
20:45 Chain Barding Armor
22:42 Bow Saw
22:25 Gold Mining
23:13 Husbandry
23:55 Heavy Plow
28:32 Iron Casting
29:30 Wheelbarrow
36:46 Imperial Age
35:02 Kshatriyas
36:20 Hand Cart
36:49 Heavy Camel Rider
38:09 Gold Shaft Mining
39:46 Conscription
41:01 Fletching
41:49 Plate Barding Armor
41:55 Treadmill Crane
43:06 Elite Shrivamsha Rider
43:47 Stone Mining
45:23 Fletching
48:59 Bodkin Arrow
50:12 Elite Chakram Thrower
51:46 Bracer
懒羊羊<爱睡懒觉版>
12:09 Feudal Age
16:40 Castle Age
18:04 Double-Bit Axe
26:27 Scale Barding Armor
34:28 Fletching
34:54 Forging
36:19 Bodkin Arrow
39:51 Iron Casting
42:55 Padded Archer Armor
朱月白
3:37 Loom
11:39 Feudal Age
16:57 Castle Age
24:18 Double-Bit Axe
24:50 Gold Mining
38:03 Imperial Age
38:10 Imperial Age
36:53 Sipahi
36:27 Fletching
37:34 Ballistics
37:59 Wheelbarrow
37:51 Fortified Wall
38:36 Padded Archer Armor
38:45 Bodkin Arrow
40:01 Leather Archer Armor
40:31 Parthian Tactics
41:19 Bow Saw
44:31 Ring Archer Armor
76561199122638748
12:07 Feudal Age
16:49 Castle Age
15:33 Gold Mining
15:43 Double-Bit Axe
19:08 Gold Shaft Mining
18:48 Bow Saw
21:52 Loom
22:56 Wheelbarrow
24:24 Husbandry
25:35 Hand Cart
26:20 Stone Mining
26:48 Forging
26:43 Scale Barding Armor
32:08 Imperial Age
30:43 Town Watch
32:47 Iron Casting
32:33 Chain Barding Armor
32:24 Cavalier
34:02 Town Patrol
34:43 Paladin
41:01 Blast Furnace
40:37 Plate Barding Armor
42:33 Conscription
42:49 Hoardings
遇事不决选天朝
7:02 Loom
9:41 Feudal Age
11:28 Fletching
11:39 Gold Mining
17:53 Double-Bit Axe
18:46 Horse Collar
21:45 Stone Mining
22:57 Wheelbarrow
24:16 Padded Archer Armor
27:12 Castle Age
28:57 Castle Age
29:03 Crossbowman
29:49 Thumb Ring
29:42 Bodkin Arrow
30:03 Leather Archer Armor
31:04 Ballistics
34:11 Hand Cart
34:07 Bow Saw
34:35 Gold Shaft Mining
34:38 Stone Shaft Mining
36:00 Heavy Plow
43:41 Imperial Age
42:05 Fortified Wall
41:50 Murder Holes
42:06 Masonry
46:41 Chemistry
45:47 Siege Engineers
46:05 Conscription
45:47 Torsion Engines
45:10 Arbalester
45:56 Bracer
46:27 Ring Archer Armor
50:16 Town Watch
51:02 Town Patrol
52:54 Two-Man Saw
适合结婚的好妹妹
11:23 Feudal Age
16:35 Castle Age
14:56 Double-Bit Axe
15:12 Horse Collar
15:26 Gold Mining
16:13 Scale Barding Armor
18:32 Forging
22:11 Gold Shaft Mining
23:17 Wheelbarrow
25:10 Chain Barding Armor
27:13 Husbandry
27:23 Bloodlines
31:15 Iron Casting
38:31 Imperial Age
36:18 Hand Cart
39:05 Padded Archer Armor
38:55 Fletching
39:16 Scale Mail Armor
40:16 Blast Furnace
40:02 Gold Shaft Mining
39:25 Elite Varangian Guard
39:50 Arson
40:06 Squires
39:51 Gambesons
41:06 Chain Mail Armor
40:53 Stone Mining
43:10 Plate Mail Armor
42:23 Pikeman
43:18 Halberdier
45:37 Fletching
45:27 Elite Skirmisher
45:27 Cranequins
46:15 Thumb Ring
45:55 Hamask
46:28 Imperial Skirmisher
51:53 Bodkin Arrow
51:59 Padded Archer Armor
AztecKiller2427
4:23 Loom
9:33 Feudal Age
10:38 Double-Bit Axe
14:36 Fletching
14:46 Padded Archer Armor
16:13 Horse Collar
21:47 Castle Age
21:24 Padded Archer Armor
21:51 Crossbowman
22:30 Bodkin Arrow
22:55 Heavy Plow
23:38 Gold Mining
27:20 Thumb Ring
27:43 Ballistics
27:39 Bow Saw
28:30 Thumb Ring
34:43 Imperial Age
35:22 Wheelbarrow
35:24 Bracer
37:41 Chemistry
38:22 Arbalester
39:49 Hand Cart
40:31 Crop Rotation
40:59 Siege Engineers
43:47 Leather Archer Armor
45:19 Ring Archer Armor
47:12 Elite Fire Lancer
47:37 Arson
47:52 Squires
47:54 Scale Mail Armor
48:05 Forging
52:35 Chain Mail Armor
52:55 Iron Casting
Connection lost

Rejoining the realm…

Still unreachable

The connection could not be restored.

Session expired

The server has moved on; the page needs a fresh start.